 Dungeon Crawl Stone Soup version 0.27-a0-1186-g8b4daa1eef (webtiles) character file.

Game seed: 9719629948340987510

1040 Sobieck the Spear-Bearer (level 8, -1/85 HPs)
             Began as a Merfolk Gladiator on May 19, 2021.
             Was a Believer of Qazlal.
             Succumbed to a hornet's poison
             ... on level 5 of the Dungeon.
             The game lasted 00:13:42 (5115 turns).

Sobieck the Spear-Bearer (Merfolk Gladiator)        Turns: 5115, Time: 00:13:43

Health: -1/85      AC: 24    Str: 20 (23) XL:     8   Next: 24%
Magic:  8/8        EV:  2    Int:  4 (7)  God:    Qazlal [**....]
Gold:   166        SH:  3    Dex: 13 (15) Spells: 7/7 levels left

rFire    . . .     SeeInvis .   a - +1 trident {polearm}
rCold    . . .     Faith    .   (no shield)
rNeg     + + +     Spirit   .   (armour currently unavailable)
rPois    +         Reflect  .   (helmet currently unavailable)
rElec    .         Harm     .   (cloak currently unavailable)
rCorr    .         Rampage  .   (gloves currently unavailable)
Will     .....     NoTele   +   (boots currently unavailable)
Stlth    +.........             (no amulet)
HPRegen  0.24/turn              A - +6 ring of strength
MPRegen  0.11/turn              (no ring)

@: lethally poisoned (-1 -> -12), tree-form
A: stationary, stasis, torment immunity, boosted hp, (nimble swimmer 2),
(mertail), (electricity resistance)
a: Renounce Religion, Upheaval


You were on level 5 of the Dungeon.
You worshipped Qazlal.
Qazlal was pleased with you.
You were a tree.
You visited 2 branches of the dungeon, and saw 7 of its levels.

You collected 166 gold pieces.


Innate Abilities, Weirdness & Mutations

You are a tree.
Your roots penetrate the ground, keeping you stationary.
You cannot be teleported.
You are immune to unholy pain and torment.
Your maximum health is greatly increased.
Your equipment is partially melded.
((You are quick and stealthy near water. (Stealth+, EV+, Speed+++)))
((Your lower body shifts to a powerful aquatic tail in water.))
((You are resistant to electric shocks. (rElec)))


   Skills:
 - Level 2.5 Fighting
 * Level 13.2 Polearms
 - Level 2.0 Throwing
 - Level 4.3 Dodging


You had 7 spell levels left.
You didn't know any spells.
Your spell library contained the following spells:

 Spells                   Type           Power      Damage    Failure   Level
 Corona                   Hex            0%         N/A       50%         1
 Ensorcelled Hibernation  Hex/Ice        0%         N/A       65%         2
 Confusing Touch          Hex            0%         N/A       86%         3
 Dazzling Flash           Conj/Hex       0%         N/A       86%         3
 Tukima's Dance           Hex            0%         N/A       86%         3

Inventory:

Hand Weapons
 a - a +1 trident (weapon) {polearm}
Missiles
 d - 3 throwing nets {=f!fthrowing}
 f - 89 arrows
 j - 38 sling bullets
 m - 82 stones {throwing}
 r - 20 bolts
 v - 22 poisoned darts {throwing}
 x - 5 atropa-tipped darts {throwing}
 y - 6 boomerangs (quivered) {throwing}
Armour
 b - a +0 leather armour (melded)
 c - a +0 helmet (melded)
 g - a +0 cloak (melded)
   (You found it on level 2 of the Dungeon)
Magical Staves
 e - a staff of poison {!astaff}
   (You found it on level 1 of the Dungeon)
Jewellery
 A - a +6 ring of strength (left branch)
   (You found it on level 4 of the Dungeon)
Wands
 i - a wand of iceblast (4)
   (You found it on level 3 of the Dungeon)
Scrolls
 h - a scroll of enchant weapon
 k - a scroll of identify {@r1}
 o - a scroll of teleportation {@r4}
Potions
 n - 2 potions of resistance
 p - 4 potions of brilliance
 q - 2 potions of lignification {!q}
 s - a potion of attraction {!q}
 z - a potion of flight

Dungeon Overview and Level Annotations

Branches:
Dungeon (6/15)             Temple (1/1) D:4

Altars:
Cheibriados
Dithmenos
Elyvilon
Gozag
Kikubaaqudgha
Makhleb
Okawaru
Qazlal
Ru
Vehumet
Yredelemnul
Zin

Shops:
D:2 [

Annotations:
D:3 exclusion: downstairs
D:4 exclusion: downstairs
D:5 Eustachio

#.# ### #.###..
##...#.##
######.......##.
................
##..........##
##............#
#.......y.....#
.......♣#.....# #..#
#.......##.S..# #..#
##......###...####
##>.#
##......###......
....#
####.....^...##...
....# #[..#.......#
....#
############.#.#....
....#
#............#<# ###
....#
#.############.#


You could see a hornet.


Message History

Press: ? - help, Q - select action, (/) - cycle Shift-Dir - straight line, f/p - hornet
Aim: a hornet (46% to hit)
You throw a boomerang {throwing}.
The boomerang {throwing} hits the hornet but does no damage.
Throw: 6 boomerangs {throwing}
Press: ? - help, Q - select action, (/) - cycle Shift-Dir - straight line, f/p - hornet
Aim: a hornet (46% to hit)
You throw a boomerang {throwing}.
The boomerang {throwing} closely misses the hornet.
The hornet barely misses you.
You hit the hornet. The hornet stings you!
You are poisoned.
You feel yourself slow down. 😕 HP[-8]
You take 8 damage, and now have 49/57 hp.
You feel very sick. The hornet stings you.
You are more poisoned.
You suddenly lose the ability to move!
You feel very sick. The hornet stings you!
You are lethally poisoned!
You shrug off the repeated paralysis!
The hornet stings you!
* * * LOW HITPOINT WARNING * * *
You are more poisoned.
You feel as though you will be slow longer.
* * * LOW HITPOINT WARNING * * *
You feel extremely sick. The hornet stings you.
* * * LOW HITPOINT WARNING * * *
You feel as though you will be slow longer.
You can move again. 😱 HP[-41]
You take 41 damage, and now have 8/57 hp.
MASSIVE DAMAGE!! (PAUSE) Really quaff
q - 3 potions of lignification {!q}?
Really quaff the potion of lignification?
You turn into a tree.
Your +0 cloak melds into your body.
Your +0 helmet melds into your body.
Your +0 leather armour melds into your body.
Your roots penetrate the ground.
* * * LOW HITPOINT WARNING * * *
You feel extremely sick.
The hornet stings you but does no damage.
You block the hornet's attack. 😱 HP[-5]
You now have 85 max hp (+28).
It was a potion of heal wounds.
You feel much better.
* * * LOW HITPOINT WARNING * * *
You feel extremely sick. The hornet completely misses you.
The hornet stings you but does no damage. x2 😱 HP[+15]
You regained 15 hp, and now have 18/85 hp.
You feel much better.
You feel very sick.
The hornet is struck by lightning.
You block the hornet's attack. The hornet stings you.
* * * LOW HITPOINT WARNING * * *
😨 HP[+15]
You regained 15 hp, and now have 33/85 hp.
You hit the hornet.
You feel very sick. The hornet stings you.
* * * LOW HITPOINT WARNING * * *
You feel as though you will be slow longer. 😨 HP[-4]
You take 4 damage, and now have 29/85 hp.
You closely miss the hornet.
You feel sick.
The hornet is struck by lightning.
The hornet stings you.
* * * LOW HITPOINT WARNING * * *
The hornet stings you!
* * * LOW HITPOINT WARNING * * *
😱 HP[-19]
You take 19 damage, and now have 10/85 hp.
MASSIVE DAMAGE!! (PAUSE) It was a potion of degeneration.
There was something very wrong with that liquid.
You feel weakened.
You feel dopey.
You feel clumsy.
You feel very sick.
The hornet stings you but does no damage. x2 😱 HP[-3]
You take 3 damage, and now have 7/85 hp.
It was a potion of magic.
Magic courses through your body.
You feel yourself speed up.
You feel sick.
The hornet stings you but does no damage. x2
The hornet stings you.
* * * LOW HITPOINT WARNING * * *
You are lethally poisoned! 😱 HP[-2]
You take 2 damage, and now have 5/85 hp.
It was a potion of mutation.
You feel extremely strange.
You feel insulated.
* * * LOW HITPOINT WARNING * * *
You feel very sick.
The hornet stings you but does no damage. 😱 HP[-4]
You take 4 damage, and now have 1/85 hp.
You hit the hornet but do no damage.
You die...

Skill      XL: |  1  2  3  4  5  6  7  8 |
---------------+-------------------------+-----
Polearms       | 5 7 8 9 10 12 13 | 13.2
Fighting       | |  2.5
Throwing       | |  2.0
Dodging        | |  4.3

Action                   |  1- 3 |  4- 6 |  7- 9 || total
-------------------------+-------+-------+-------++-------
Melee: Trident           |    58 |   226 |   112 ||   396
Throw: Boomerang         |       |     6 |     7 ||    13
  Use: Scroll            |       |     8 |     3 ||    11
       Potion            |       |       |     6 ||     6
 Stab: Sleeping          |       |     2 |       ||     2
Armor: Leather armour    |    10 |    38 |    16 ||    64
       Skin              |       |       |     8 ||     8
Dodge: Dodged            |    41 |    58 |    36 ||   135
Block: Other             |       |     3 |    11 ||    14

Levels and vault maps discovered:
D:1:      minmay_arrival_stair_chambers, layout_basic,
          hellmonk_ecumenical_altar_lost_god, serial_glass, glass_columns_a,
          glass_columns_a, due_unseen_surprise, minmay_strange_pillars
D:2:      layout_loops_corners, serial_shops, nicolae_shop_statue_plus,
          minmay_tree_intersection
D:3:      layout_loops_ring, chequers_temple_overflow_statue_of_worship,
          uniq_robin
D:4:      black_bear_nest_2, layout_basic, minmay_temple_entry_slanted
D:5:      layout_loops_ring, minmay_bent, uniq_eustachio, uniq_duvessa
D:6:      layout_loops_ring
Temple:   dpeg_five_rooms_temple

Notes
Turn   | Place    | Note
-------+----------+-------------------------------------------
     0 | D:1      | Sobieck the Merfolk Gladiator began the quest for the Orb.
     0 | D:1      | Reached XP level 1. HP: 16/16 MP: 1/1
     0 | D:1      | magus.rc [v1.9.6]
   104 | D:2      | Reached XP level 2. HP: 13/23 MP: 2/2
   333 | D:2      | Reached skill level 5 in Polearms
   510 | D:2      | Reached XP level 3. HP: 27/28 MP: 3/3
   516 | D:3      | Noticed a scorpion
   538 | D:3      | Killed a scorpion
   539 | D:3      | Reached skill level 7 in Polearms
   539 | D:3      | Reached XP level 4. HP: 25/34 MP: 4/4
   631 | D:4      | Found a staircase to the Ecumenical Temple.
   636 | D:4      | Noticed a necrophage
   651 | Temple   | Entered the Ecumenical Temple
   658 | Temple   | Killed a necrophage
   659 | Temple   | Reached skill level 8 in Polearms
   659 | Temple   | Reached XP level 5. HP: 24/39 MP: 5/5
   858 | Temple   | Became a worshipper of Qazlal Stormbringer
  1035 | D:1      | Found a faded altar of an unknown god.
  1766 | D:2      | Reached * piety under Qazlal
  1767 | D:2      | Reached skill level 9 in Polearms
  1773 | D:2      | Reached XP level 6. HP: 46/46 MP: 6/6
  1795 | D:2      | Found Rasaep's Armour Boutique.
  2689 | D:3      | You pick up a book of Maledictions and begin reading...
  2689 | D:3      | You add the spells Corona, Ensorcelled Hibernation,
                  | Confusing Touch, Tukima's Dance and Dazzling Flash to your
                  | library.
  2696 | D:3      | Noticed Robin
  2722 | D:3      | Killed Robin
  2882 | D:3      | Found a basalt altar of Yredelemnul.
  2920 | D:3      | Found a sacrificial altar of Ru.
  2921 | D:3      | Found an opulent altar of Gozag.
  3151 | D:3      | Reached skill level 10 in Polearms
  3365 | D:4      | Reached ** piety under Qazlal
  3366 | D:4      | Reached XP level 7. HP: 51/51 MP: 7/7
  3812 | D:3      | Reached skill level 11 in Polearms
  4269 | D:4      | Reached skill level 12 in Polearms
  4427 | D:5      | Entered Level 5 of the Dungeon
  4428 | D:5      | Noticed Eustachio
  4472 | D:4      | Reached XP level 8. HP: 37/57 MP: 8/8
  4781 | D:6      | Reached skill level 13 in Polearms
  5099 | D:5      | Noticed a hornet
  5104 | D:5      | Paralysed by a hornet for 3 turns
  5106 | D:5      | HP: 11/57 [poisoned by a hornet]
  5107 | D:5      | HP: 3/85 [poisoned by a hornet]
  5112 | D:5      | HP: 7/85 [poisoned by a hornet]
  5114 | D:5      | Gained mutation: You are resistant to electric shocks.
                  | (rElec) [potion of mutation]
  5114 | D:5      | HP: 1/85 [poisoned by a hornet]
  5115 | D:5      | Succumbed to a hornet's poison

Vanquished Creatures
  An ice beast (D:4)
  2 black bears
  A necrophage (Temple)
  An ogre (D:4)
  3 scorpions
  A centaur zombie (D:6)
  2 orc priests (D:3)
  4 orc wizards
  2 hound skeletons (D:4)
  Robin (D:3)
  7 adders
  A worm (D:4)
  4 dart slugs
  14 orcs
  5 ball pythons
  17 endoplasms
  3 giant cockroaches
  16 goblins
  11 hobgoblins
  4 jackals (D:2)
  4 quokkas
  3 bats
  3 frilled lizards
  5 kobolds
  3 rats
118 creatures vanquished.

Table legend:
 A = Non-vault XP
 B = Vault XP
 C = Vault XP percentage of total XP
 D = Non-vault monster count
 E = Vault monster count
 F = Vault count percentage of total count
                 A         B        C        D         E       F
            +---------+---------+-------+---------+---------+-------
      Total |    1319 |     167 |  11.2 |     105 |      13 |  11.0
            +---------+---------+-------+---------+---------+-------
        D:1 |      47 |       0 |   0.0 |      26 |       0 |   0.0
        D:2 |      60 |       0 |   0.0 |      19 |       0 |   0.0
        D:3 |     391 |      36 |   8.4 |      24 |      12 |  33.3
        D:4 |     522 |     131 |  20.1 |      25 |       1 |   3.8
        D:5 |     116 |       0 |   0.0 |       8 |       0 |   0.0
        D:6 |      59 |       0 |   0.0 |       2 |       0 |   0.0
     Temple |     124 |       0 |   0.0 |       1 |       0 |   0.0
            +---------+---------+-------+---------+---------+-------

Illustrated notes

Table legend:
 A = Kills in this place as a percentage of kills in entire the game.
 B = Kills by you in this place as a percentage of kills by you in the entire game.
 C = Kills by friends in this place as a percentage of kills by friends in the entire game.
 D = Other kills in this place as a percentage of other kills in the entire game.
 E = Experience gained in this place as a percentage of experience gained in the entire game.
 F = Experience gained in this place divided by the number of levels of this place that you have seen.
                   A       B       C       D       E      F
               +-------+-------+-------+-------+-------+----------------------
         Total | 100.0 | 100.0 |   N/A |   N/A | 100.0 | 212.3
       Dungeon |  99.2 |  99.2 |   N/A |   N/A |  91.7 | 227.0
        Temple |   0.8 |   0.8 |   N/A |   N/A |   8.3 | 124.0
               +-------+-------+-------+-------+-------+----------------------

Table legend: (Time is in decaauts)
 A = Elapsed time spent in this place.
 B = Non-inter-level travel time spent in this place.
 C = Inter-level travel time spent in this place.
 D = Time resting spent in this place.
 E = Time spent auto-exploring this place.
 F = Levels seen in this place.
 G = Mean time per level.
                   A        B        C        D        E       F      G
               +--------+--------+--------+--------+--------+-----+--------+
         Total |   5077 |   4689 |    388 |   1127 |   2375 |   7 |  725.3 |
       Dungeon |   4818 |   4482 |    336 |   1013 |   2303 |   6 |  803.0 |
        Temple |    259 |    207 |     52 |    114 |     72 |   1 |  259.0 |
               +--------+--------+--------+--------+--------+-----+--------+

Top non-repeatable levels by time:
     D:3: 1338 daAuts
     D:4: 1197 daAuts
     D:2: 1175 daAuts
     D:1: 668 daAuts
     D:5: 314 daAuts
  Temple: 259 daAuts
     D:6: 123 daAuts
